Cogmind - Beta 17 @@@ ROGUE MODE // 2026.06.28 @ 11:13:55 Player: pinbox Result: Destroyed by G-47 Trooper with Particle Gun Performance ------------- Evolutions (2) 1000 Regions Visited (6) 1200 Robots Destroyed (55) 275 Value Destroyed (1778) 1778 Prototype IDs (6) 120 Alien Tech Used (0) 0 Bonus (0) 0 TOTAL SCORE: 4373 Bonus ------- None Cogmind --------- Core Integrity 0/550 Matter 285/300 Energy 8/100 System Corruption 1% Temperature Cool (9) Movement Walking (120) Location -8/Storage Parts ------- > --- POWER (1) -------- (None) > --- PROPULSION (2) --- Carbon-fiber Leg Carbon-fiber Leg > --- UTILITY (6) ------ Improved Heat Sink Medium Storage Unit Targeting Computer Core Shielding Light Armor Plating > --- WEAPON (2) ------- Particle Gun Heavy Laser > --- INVENTORY (10) --- Light Nuclear Core VSS Leg VSS Leg Reaction Control System Precision Rocket Launcher Peak State ------------ > --- POWER ------------ Light Nuclear Core > --- PROPULSION ------- Titanium Leg Cooled VTOL Module > --- UTILITY ---------- Improved Heat Sink Medium Storage Unit Improved Terrain Scanner Utility Shielding Improved Weapon Shielding Hardened Medium Armor Plating > --- WEAPON ----------- Precision Assault Rifle Precision Assault Rifle > --- INVENTORY -------- Light Nuclear Core VSS Leg VSS Leg Targeting Computer Reaction Control System Hardlight Generator Heavy Particle Cannon Assault Cannon Assault Cannon Improved Grenade Launcher [Rating: 37] Favorites ----------- Power Light Nuclear Core Engine Ion Engine Power Core Light Nuclear Core Propulsion Titanium Leg Treads Light Treads Leg Titanium Leg Flight Unit Cooled VTOL Module Utility Improved Heat Sink Device Improved Heat Sink Storage Medium Storage Unit Processor Signal Interpreter Protection Light Armor Plating Weapon Precision Assault Rifle Energy Gun Improved Medium Laser Energy Cannon Heavy Particle Cannon Ballistic Gun Precision Assault Rifle Ballistic Cannon Light Cannon Launcher Precision Rocket Launcher Build | -11 -10 -10 -9 -9 -8 -8 ------- Run | Yrd Mat Min Mat Min Mat Sto Slots Evolved 4 | . . . 2 . 2 . Power . | . . . . . . . Propulsion . | . . . . . . . Utility 4 | . . . 2 . 2 . Weapon . | . . . . . . . Parts Attached 56 | 6 3 1 4 . 20 22 Power 8 | 1 . . . . 3 4 Engine 3 | 1 . . . . 1 1 Core 5 | . . . . . 2 3 Reactor . | . . . . . . . Propulsion 14 | 2 . . . . 7 5 Treads 2 | . . . . . 2 . Leg 11 | 2 . . . . 5 4 Wheel . | . . . . . . . Hover . | . . . . . . . Flight 1 | . . . . . . 1 Utility 20 | 1 1 1 3 . 6 8 Device 6 | . . 1 1 . 1 3 Storage 2 | 1 . . 1 . . . Processor 2 | . . . 1 . . 1 Hackware . | . . . . . . . Protection 10 | . 1 . . . 5 4 Artifact . | . . . . . . . Weapon 14 | 2 2 . 1 . 4 5 Energy Gun 4 | 1 . . 1 . . 2 Energy Cannon 2 | . . . . . . 2 Ballistic Gun 6 | 1 1 . . . 4 . Ballistic Cannon 1 | . 1 . . . . . Launcher 1 | . . . . . . 1 Special Weapon . | . . . . . . . Impact Weapon . | . . . . . . . Slashing Weapon . | . . . . . . . Piercing Weapon . | . . . . . . . Special Melee Weapon . | . . . . . . . Unidentified Prototypes 6 | . . . 1 . 2 3 Parts Lost 19 | . . . 1 . 2 16 Power 3 | . . . . . . 3 Propulsion 2 | . . . . . . 2 Utility 11 | . . . . . 2 9 Weapon 3 | . . . 1 . . 2 Highest Loss Streak 9 | . . . 1 . 1 9 To Critical Strikes . | . . . . . . . Average Backups 7 | . 5 7 5 4 7 8 Power 1 | . 1 1 1 1 1 . Propulsion 1 | . 3 3 1 1 1 1 Utility 1 | . . 2 . 1 . 2 Weapon 3 | . 1 1 2 1 4 3 Tool/Special . | . . . . . . . Unused Backups 16 | . . 3 1 . 4 8 Power 3 | . . . 1 . 1 1 Propulsion 4 | . . 3 . . . 1 Utility 2 | . . . . . 1 1 Weapon 7 | . . . . . 2 5 Tool/Special . | . . . . . . . Average Slot Usage (%) 96 | . 95 97 99 100 97 93 Engine 5 | . 14 14 11 11 3 1 Core 4 | . . . . . 4 7 Leg 18 | . 28 28 22 22 15 16 Device 17 | . . 8 21 22 17 18 Storage 9 | . 14 14 11 11 9 9 Processor 3 | . . . 9 11 2 2 Protection 16 | . 9 2 1 . 23 19 Energy Gun 1 | . 1 . . 11 . 2 Energy Cannon 1 | . . . . . . 2 Ballistic Gun 14 | . 19 14 11 11 17 13 Ballistic Cannon 2 | . 7 14 11 . . . Peak Build Rating 37 | 6 8 8 13 13 35 37 Average Rating 24 | 4 7 7 10 13 28 31 On Entrance 11 | . 6 8 7 10 13 35 Avg Prop Armor Cover (%) . | . . . . . . . Naked Turns . | . . . . . . . Heaviest Build 41 | 14 17 17 21 21 41 36 Greatest Support 40 | 20 20 20 20 20 40 34 Greatest Overweight (x) 11 | . . . 1 1 2 11 Average Overweight (x) . | . . . . 1 . 1 Largest Inventory Capacity 10 | 8 8 8 10 10 10 10 Average Capacity 9 | 7 8 8 8 10 10 10 Most Carried 10 | 1 8 8 6 4 10 10 Average Carried 7 | . 6 7 4 4 8 8 Final Capacity 10 | 8 8 8 10 10 10 10 Final Carried 10 | 1 8 6 5 4 10 5 Class Distribution -------------------- 85% | Mutant 14% | Scavenger-Mutant Dominant Class ---------------- Mutant | -10/Materials Mutant | -10/Mines Mutant | -9/Materials Mutant | -9/Mines Mutant | -8/Materials Mutant | -8/Storage Resources | -11 -10 -10 -9 -9 -8 -8 ----------- Run | Yrd Mat Min Mat Min Mat Sto Matter Collected 1710 | 230 79 . 120 14 615 652 Remotely . | . . . . . . . Salvage Created 2552 | . 74 . 199 . 700 1579 Parts 134 | . 5 . 13 . 38 78 Haulers Intercepted 2 | . . . . . 2 . Recyclers Shooed 2 | . . . . . . 2 Parts Field Recycled . | . . . . . . . Retrieved Matter . | . . . . . . . Parts Self-Destructed . | . . . . . . . Prevented . | . . . . . . . Parts Restored . | . . . . . . . Kills | -11 -10 -10 -9 -9 -8 -8 ------- Run | Yrd Mat Min Mat Min Mat Sto Combat Hostiles Destroyed 40 | . 2 . 3 . 9 26 Guns 31 | . 2 . . . 9 20 Cannons 9 | . . . 3 . . 6 Classes Destroyed 13 | . 1 . 2 . 6 4 Worker 1 | . . . . . 1 . Builder 2 | . . . . . . 2 Hauler 2 | . . . . . 2 . Recycler 7 | . . . 1 . 2 4 Watcher 3 | . . . . . 3 . Swarmer 6 | . . . . . 3 3 Grunt 17 | . 2 . . . 2 13 Brawler 1 | . . . . . . 1 Duelist 2 | . . . . . . 2 Protector 1 | . . . . . . 1 Sentry 10 | . . . 3 . 1 6 Specialist 2 | . . . . . 2 . Hunter 1 | . . . . . 1 . Best Kill Streak 9 | . 2 . 3 . 5 9 Combat Bots Only 9 | . 2 . 2 . 3 9 Max Kills in Single Turn 2 | . 1 . 1 . 2 2 Gunslinging . | . . . . . . . Exploded . | . . . . . . . Melee . | . . . . . . . Uniques/NPCs Destroyed . | . . . . . . . Combat | -11 -10 -10 -9 -9 -8 -8 -------- Run | Yrd Mat Min Mat Min Mat Sto Hostile Shots Fired 378 | . 8 . 67 . 78 225 Missed 112 | . 3 . 28 . 28 53 Hits 266 | . 5 . 39 . 50 172 Melee 3 | . . . . . . 3 Projectile 263 | . 5 . 39 . 50 169 Critical Strikes 12 | . . . 1 . 2 9 Actively Blocked 5 | . . . . . . 5 Damage Taken 3915 | . 68 . 408 . 799 2640 Core 715 | . 33 . 124 . 141 417 Absorbed by Shields 32 | . . . . . . 32 Redirected to Shielding 283 | . . . . . 5 278 Regen/Repaired (Parts) 123 | . . . . . . 123 Core Remaining (%) 85 | 100 . 86 . 69 . . Volleys Fired 159 | . 9 . 13 . 49 88 Largest 2 | . 2 . 2 . 2 2 Hottest 144 | . 50 . 50 . 56 144 Shots Fired 312 | . 18 . 25 . 98 171 Gun 249 | . 10 . 13 . 98 128 Cannon 63 | . 8 . 12 . . 43 Launcher . | . . . . . . . Special . | . . . . . . . Kinetic 242 | . 18 . 25 . 98 101 Thermal 70 | . . . . . . 70 Explosive . | . . . . . . . Electromagnetic . | . . . . . . . Robot Hit Streak 62 | . 5 . 14 . 15 62 Robot Miss Streak 4 | . 3 . 1 . 3 4 Penetration Max . | . . . . . . . Secondary Targets 6 | . . . . . 2 4 Max Gunslinging Chain 1 | . . . . . 1 1 Shots Hit Robots 226 | . 8 . 21 . 65 132 Core Hits 89 | . 6 . 8 . 25 50 Critical Kills 1 | . . . . . . 1 Critical Parts Destroyed 2 | . . . . . . 2 Critical Strikes 4 | . . . . . . 4 Burn 1 | . . . . . . 1 Destroy 3 | . . . . . . 3 Melee Attacks . | . . . . . . . Impact . | . . . . . . . Slashing . | . . . . . . . Piercing . | . . . . . . . Sneak Attacks . | . . . . . . . Combat Hostiles . | . . . . . . . Follow-up Attacks . | . . . . . . . Damage Inflicted 4542 | . 85 . 286 . 1258 2913 Guns 3530 | . 34 . 85 . 1245 2166 Cannons 985 | . 51 . 200 . . 734 Explosions . | . . . . . . . Melee . | . . . . . . . Ramming 27 | . . . 1 . 13 13 Kinetic 3381 | . 85 . 285 . 1245 1766 Thermal 1134 | . . . . . . 1134 Explosive . | . . . . . . . Electromagnetic . | . . . . . . . Impact . | . . . . . . . Slashing . | . . . . . . . Piercing . | . . . . . . . Highest Corruption 1 | . . . . . . 1 Average Corruption 1 | . . . . . . 1 Corruption Purged . | . . . . . . . Corruption Blocked . | . . . . . . . Effects 4 | . . . . . . 4 Message Errors 1 | . . . . . . 1 Heat Flow Errors 1 | . . . . . . 1 Parts Fused 1 | . . . . . . 1 Weapon Failures 1 | . . . . . . 1 Overload Shots . | . . . . . . . Overflow Damage 16 | . . . . . . 16 Projectiles 16 | . . . . . . 16 Explosions . | . . . . . . . Melee . | . . . . . . . Knockbacks 1 | . . . 1 . . . Impact . | . . . . . . . Kinetic 1 | . . . 1 . . . Secondary . | . . . . . . . Self-Inflicted Damage . | . . . . . . . Shots . | . . . . . . . Rammed . | . . . . . . . Targets Rammed 8 | . . . 1 . 2 5 Kicked 8 | . . . 1 . 2 5 Crushed . | . . . . . . . Highest Temperature 237 | . 64 . 15 . 5 237 Average Temperature 39 | . 34 . 15 . 5 41 Received Heat Transfer 1493 | . 36 . 81 . 81 1295 Siege Activations . | . . . . . . . Martial Activations . | . . . . . . . Shielding Activations . | . . . . . . . Robots Disrupted . | . . . . . . . Combat Hostiles . | . . . . . . . Robots Corrupted . | . . . . . . . Combat Hostiles . | . . . . . . . Parts Fried . | . . . . . . . Impact Corruptions . | . . . . . . . Robots Melted . | . . . . . . . Combat Hostiles . | . . . . . . . Parts Melted 6 | . . . . . . 6 Heat Transferred 1795 | . . . . . . 1795 Parts Sabotaged . | . . . . . . . Parts Stolen . | . . . . . . . Parts Stripped . | . . . . . . . Power Chain Reactions . | . . . . . . . Alert | -11 -10 -10 -9 -9 -8 -8 ------- Run | Yrd Mat Min Mat Min Mat Sto Maximum Alert Level 1 | . . . . . . 1 Low Security (%) 94 | 100 100 100 100 100 100 86 Level 1 5 | . . . . . . 13 Level 2 . | . . . . . . . Level 3 . | . . . . . . . Level 4 . | . . . . . . . Level 5 . | . . . . . . . High Security . | . . . . . . . Max Security . | . . . . . . . Peak Influence 332 | . 40 3 75 3 72 332 Initial 14 | . . 3 . 3 . 14 Average 41 | . 11 1 24 . 22 79 Influence Increases 1219 | . 65 . 104 . 329 721 Destroy 0b10 Robot/C 780 | . 40 . 60 . 180 500 Destroy 0b10 Robot/NC 80 | . . . 5 . 40 35 Destroy Leader 210 | . 10 . 30 . 50 120 Successful Hack 70 | . 15 . 9 . 27 19 Disable Machine 30 | . . . . . 15 15 Destroy Structure 19 | . . . . . 2 17 Lose Combat Pursuer 30 | . . . . . 15 15 Influence Decreases 936 | . 55 10 94 10 294 473 Entered New Map 35 | . . 7 . 7 . 21 Time Decay 744 | . 55 3 84 3 274 325 Lost Part 150 | . . . 10 . 20 120 Purge Threat 7 | . . . . . . 7 Squads Dispatched 8 | . . . 3 . 1 4 Investigation 1 | . . . . . . 1 Extermination . | . . . . . . . Reinforcement 5 | . . . 3 . 1 1 Assault 2 | . . . . . . 2 Garrison . | . . . . . . . Intercept . | . . . . . . . Searches Triggered . | . . . . . . . Construction Impeded . | . . . . . . . Haulers Reinforced . | . . . . . . . Active Scanning Responses . | . . . . . . . Cargo Convoy Interrupts . | . . . . . . . Stealth | -11 -10 -10 -9 -9 -8 -8 --------- Run | Yrd Mat Min Mat Min Mat Sto Distress Signals 4 | . . . 1 . . 3 Communications Jammed . | . . . . . . . Distress Signals . | . . . . . . . Times Spotted 76 | . 3 . 16 . 15 42 Peak Tracking Total 11 | . 2 . 10 . 3 11 Tactical Retreats 2 | . . . . . 1 1 Traps | -11 -10 -10 -9 -9 -8 -8 ------- Run | Yrd Mat Min Mat Min Mat Sto Traps Triggered 1 | . . . . . 1 . Indirectly . | . . . . . . . Trap Hack Attempts . | . . . . . . . Triggered . | . . . . . . . Disarmed . | . . . . . . . Reprogrammed . | . . . . . . . Reused . | . . . . . . . Traps Extracted . | . . . . . . . Installed . | . . . . . . . Triggered . | . . . . . . . Machines | -11 -10 -10 -9 -9 -8 -8 ---------- Run | Yrd Mat Min Mat Min Mat Sto Machines Disabled 2 | . . . . . 1 1 Max in Single Turn 1 | . . . . . 1 1 Machines Repaired . | . . . . . . . Machines Dismantled . | . . . . . . . Machines Sabotaged . | . . . . . . . Overloaded Fab Kills . | . . . . . . . Hacking | -11 -10 -10 -9 -9 -8 -8 --------- Run | Yrd Mat Min Mat Min Mat Sto Machines Accessed 22 | . 4 . 2 . 6 10 Terminals 15 | . 3 . 1 . 4 7 Fabricators . | . . . . . . . Repair Stations 1 | . . . . . . 1 Recycling Units 3 | . 1 . . . 1 1 Scanalyzers 2 | . . . 1 . 1 . Garrison Access 1 | . . . . . . 1 Total Hacks 52 | . 9 . 9 . 11 23 Successful 25 | . 5 . 3 . 6 11 Failed 27 | . 4 . 6 . 5 12 Catastrophic 7 | . 3 . . . 1 3 Database Lockouts . | . . . . . . . Manual 28 | . 5 . 5 . 7 11 Terminals 34 | . 6 . 5 . 7 16 Fabricators . | . . . . . . . Repair Stations 4 | . . . . . . 4 Recycling Units 7 | . 3 . . . 2 2 Scanalyzers 6 | . . . 4 . 2 . Garrison Access 1 | . . . . . . 1 Terminal Hacks 9 | . 1 . . . 3 5 Record 2 | . 1 . . . 1 . Open Door 2 | . . . . . . 2 Branch Access Points 2 | . . . . . 1 1 Alert Level 1 | . . . . . 1 . Unreport Threat 1 | . . . . . . 1 Zone Layout 1 | . . . . . . 1 Fabricator Hacks . | . . . . . . . Repair Station Hacks 4 | . . . . . . 4 Scan Component 2 | . . . . . . 2 Repair 2 | . . . . . . 2 Recycling Unit Hacks 3 | . 3 . . . . . Process 1 | . 1 . . . . . Report Inventory 1 | . 1 . . . . . Retrieve Matter 1 | . 1 . . . . . Scanalyzer 4 | . . . 2 . 2 . Retrieve Study 4 | . . . 2 . 2 . Garrison Access Hacks . | . . . . . . . Unauthorized Hacks 5 | . 1 . 1 . 1 2 Terminals 5 | . 1 . 1 . 1 2 Botnet 5 | . 1 . 1 . 1 2 Fabricators . | . . . . . . . Repair Stations . | . . . . . . . Recycling Units . | . . . . . . . Scanalyzers . | . . . . . . . Garrison Access . | . . . . . . . Data Cores Recovered . | . . . . . . . Used . | . . . . . . . Hacking Detections 19 | . 3 . 2 . 6 8 Full Trace Events 1 | . . . . . . 1 Feedback Events . | . . . . . . . Feedback Blocked . | . . . . . . . Robot Schematics Acquired . | . . . . . . . Robots Built . | . . . . . . . Authchips . | . . . . . . . Time . | . . . . . . . Total Robot Build Rating . | . . . . . . . Part Schematics Acquired . | . . . . . . . Parts Built . | . . . . . . . Authchips . | . . . . . . . Time . | . . . . . . . Total Part Build Rating . | . . . . . . . Part Studies Acquired 4 | . . . 2 . 2 . Parts Repaired 2 | . . . . . . 2 Time 76 | . . . . . . 76 Parts Recycled . | . . . . . . . Recycled Matter 25 | . 25 . . . . . Retrieved Matter 25 | . 25 . . . . . Retrieved Components . | . . . . . . . Parts Scanalyzed . | . . . . . . . Part Schematics Acquired . | . . . . . . . Parts Damaged . | . . . . . . . Bothacking | -11 -10 -10 -9 -9 -8 -8 ------------ Run | Yrd Mat Min Mat Min Mat Sto Used RIF Installer . | . . . . . . . Robots Hacked . | . . . . . . . Non-combat . | . . . . . . . Combat . | . . . . . . . Robot Hacks Applied . | . . . . . . . Relay Couplers Released . | . . . . . . . Fabnet Peak Effective % . | . . . . . . . Robots Rewired . | . . . . . . . Allies Hacked . | . . . . . . . Hacks Repelled . | . . . . . . . Allies | -11 -10 -10 -9 -9 -8 -8 -------- Run | Yrd Mat Min Mat Min Mat Sto Total Allies 2 | . . . . . . 2 Largest Group 2 | . . . . . . 2 Highest-Rated Group 62 | . . . . . . 62 Highest-Rated Ally 31 | . . . . . . 31 Total Orders . | . . . . . . . Ally Attacks 10 | . . . . . . 10 Total Damage 188 | . . . . . . 188 Kills . | . . . . . . . Allies Corrupted 1 | . . . . . . 1 Allies Melted . | . . . . . . . Intel | -11 -10 -10 -9 -9 -8 -8 ------- Run | Yrd Mat Min Mat Min Mat Sto Active Infowar (turns) 2097 | . . 31 295 192 878 701 Sensors 731 | . . 31 295 192 213 . Terrain 1366 | . . . . . 665 701 Robot Analysis Total . | . . . . . . . Derelict Logs Recovered . | . . . . . . . Drone Launches . | . . . . . . . Drone Recoveries . | . . . . . . . Exploration | -11 -10 -10 -9 -9 -8 -8 ------------- Run | Yrd Mat Min Mat Min Mat Sto Turns Passed 2821 | 59 214 37 295 192 956 1068 Spaces Moved 1175 | 43 147 21 170 100 367 327 Core 4 | 2 . . . . . 2 Treads 58 | . . . . . 58 . Legs 1113 | 41 147 21 170 100 309 325 Wheels . | . . . . . . . Hover . | . . . . . . . Flight . | . . . . . . . Fastest Speed 50 | 50 120 120 105 175 130 120 Average Speed 164 | 116 120 120 112 175 184 194 Slowest Speed 600 | 120 120 120 175 175 270 600 Overloaded Moves . | . . . . . . . Propulsion Burnouts . | . . . . . . . Robots Hopped . | . . . . . . . Potential Cave-ins . | . . . . . . . Cave-ins Triggered . | . . . . . . . Exploration Rate (%) 26 | 3 32 7 23 40 32 48 Regions Visited 6 Branch Regions 3 Pre-discovered Areas . | . . . . . . . Known Exits Taken 3 | . . . 1 1 1 . Unknown Exits Taken 3 | 1 1 1 . . . . Scrap Searched 1 | . . . . 1 . . Spaces Dug . | . . . . . . . Terrain Destroyed 12 | . . . . . . 12 Melee . | . . . . . . . Projectile 12 | . . . . . . 12 AOE . | . . . . . . . Terrain Rammed . | . . . . . . . Walls Destroyed . | . . . . . . . Machines Disabled . | . . . . . . . Actions | -11 -10 -10 -9 -9 -8 -8 --------- Run | Yrd Mat Min Mat Min Mat Sto Total 1750 | 49 168 35 251 117 550 580 Wait 246 | . . 8 55 17 65 101 Move 1170 | 42 146 20 170 99 366 327 Hop . | . . . . . . . Pick Up 42 | 1 8 2 1 . 20 10 Fast Attach 42 | 6 2 . 3 . 16 15 Attach 22 | . . 1 2 1 7 11 Detach 4 | . . . 2 . . 2 Swap 10 | . 1 . 1 . 3 5 Drop 48 | . 2 4 4 . 22 16 Fire 159 | . 9 . 13 . 49 88 Melee . | . . . . . . . Ram . | . . . . . . . Kick 7 | . . . . . 2 5 Crush . | . . . . . . . Escape Stasis . | . . . . . . . Rewire . | . . . . . . . Trap . | . . . . . . . Miscellaneous . | . . . . . . . Route ------- -11/Scrapyard -10/Materials -10/Mines -9/Materials -9/Mines -8/Materials -8/Storage (discovered 1 exit: Rec) History --------- Turn | Location | Event 4 | -11/Scrapyard | Discovered new exit (range 16) 60 | -11/Scrapyard | Entered Materials 210 | -10/Materials | Discovered new exit (range 16) 274 | -10/Materials | Entered Mines 291 | -10/Mines | Discovered new exit (range 8) 301 | -10/Mines | Build established: Mutant 302 | -10/Mines | Received a Rocket Launcher from a helpful Derelict 311 | -10/Mines | Entered Materials 311 | -9/Materials | Evolved 2 slots: Utility x2 592 | -9/Materials | Discovered new exit (range 9) 603 | -9/Materials | Identified exit to Mines 606 | -9/Materials | Entered Mines 613 | -9/Mines | Met a Derelict bent on vengeance 764 | -9/Mines | Discovered new exit (range 9) 796 | -9/Mines | Identified exit to Materials 798 | -9/Mines | Entered Materials 798 | -8/Materials | Evolved 2 slots: Utility x2 1181 | -8/Materials | Identified exit to Storage 1754 | -8/Materials | Entered Storage 1924 | -8/Storage | Repaired Titanium Leg 1964 | -8/Storage | Repaired Hrd. Medium Armor Plating 2095 | -8/Storage | Identified exit to Recycling 2351 | -8/Storage | Met a pair of Derelict thieves 2424 | -8/Storage | Core integrity fell below 50% 2518 | -8/Storage | Destroyed 9 combat bots 2526 | -8/Storage | Lost 9 parts (1p2n5u1w) 2544 | -8/Storage | Core integrity fell below 20% 2822 | -8/Storage | Destroyed by G-47 Trooper with Particle Gun Last Messages --------------- 02737_ K-01 Serf collects debris. 02739_ Acquired 10 matter. 02742_ K-01 Serf collects debris. 02743_ Acquired 10 matter. 02743_ Dropped Lgt. Nuclear Core. 02754_ Acquired Lgt. Armor Plating. 02768_ System corrupted: Heat flow error (+287). 02783_ K-01 Serf cleans the Compression Vault. 02790_ UA:4K5L3G5HI2CG #D 02818_ U-05 Engineer destroyed. 02819_ Particle Charger destroyed. 02819_ M-28 Smith repairs G-47 Trooper. 02820_ K-01 Serf collects debris. Map ----- +----------------------------------------------------+ | ?????????????????????????????????????????????????? | | ?????????????????????????????????????????????????? | | ?????????????????????????????????????????????????? | | ?????????????????????????????????????????????????? | | ?????????????????????????????????????????????????? | | ?????????????????????????????????????????????????? | | ?????????????????????????????????????????????????? | | ?????????????????????????????????????????????????? | | ??????????????????????????????????????????????? ?? | | ??????????????????????????????????????????????? # | | ?????????????????????????????????????????????? # | | ?????????????????????????????????????????????? # | | ?????????????????????????????????????????????? # | | ?????????????????????????????????????????????? # | | ?????????????????????????????????????????????? # | | ?????????????????????????????????????????????+ " | | ?????????????????????????????????????????????# # | | ????????????????????????""""???????????????? # # | | ????????????????????????? ???????????????? # # | | ???????????????###########/#??????############ # | | ???????????????? !Y######## # | | ?????????????????? !=| + # = | | ???????????????????# =km ##### / =%[ | | ???????????????????# gg#???# """ """ # %! | | ???????????????????# /#???# """ """ #=|%* | | ??????????"????????# @ *%##### """ """ ##=! # | | ???????????????????# k /u ##%*!# | | ???????????????????######+######### ##=%*# | | ????????? ??? ????????????????????### ########[* # | | ???????????"????????????"?????? ????###?????## [# | | ????????????? ????#?????"???????????????????## [%/ | | ??????????? ? ??????????"????"???????????????# =# | | ???????????????????????????????????########### !# | | ??????????????????#??????? ???? #??# [ ## %# | | ??????????????????????? ??? ???????# ## =# | | ?????#??#?????????#####??????? ????# # | | ???????????#??????# #?????##??#??#*[ =! # | | ???##?????#?#?##??# #??####??????#! = [*%["%[T | | ?????????#??????#?# #####???#??### % =% #* | | ??????????#??##?### + ##?#????##%= =*/==# | | ???????#?##??####T# #T###????#???# %/ ## # | | #??#????#??#??#= + #####??#???### %/ ## # | | #???##?#??#???##### ##?#????????##+######### # | | ??#???##??#?##????# #?#?????????##^##??#?#?# # | | ??#?#??#???#?#???## #??#??##?#???#%#???#???# # | | ??#???##??#?###???# ##??########## ######??# / | | ??????#??????#??### #??## # ## T"#### %# | | ??#??#??#??#??##?## ###?# "# [ + | | ???#??#####???##### #???# "%+ % # | | ?#?#?##"""###?????# #???# "# %== # | +----------------------------------------------------+ Best States ------------- Heat Dissipation 59 Energy Generation 14 Energy Capacity 250 Matter Stores 300 Matter Capacity 300 Sight Range 16 Robot Scan Range 14 Terrain Scan Range 16 Terrain Scan Density 10 Armor Coverage 525 Core Shielding 20 Utility Shielding 33 Weapon Shielding 66 Evasion (%) 55 Targeting Accuracy 5 Recoil Reduction 2 Particle Charging 15 Item Schematics ----------------- None Robot Schematics ------------------ None Fabricated ------------ Nothing Repaired ---------- Titanium Leg | 64% | -8/Storage Hrd. Medium Armor Plating | 70% | -8/Storage Studied --------- Aluminum Leg | -9/Materials | Hacked Lgt. Assault Rifle | -9/Materials | Hacked Lgt. Treads | -8/Materials | Hacked Rocket Launcher | -8/Materials | Hacked Alien Tech Used ----------------- None Achievements -------------- That Tickles Challenges ------------ None Game ------ Seed WarpEtherialChip Manual? 0 Play Time 00:38:15 Cumulative 17.4 hours Start 2026.06.28 @ 10:12:02 End 2026.06.28 @ 11:13:55 Sessions 2 Manual Loads 0 Difficulty Rogue Special Mode None Game No. 17 Rogue 17 Adventurer 0 Explorer 0 Win Type - Total 1 Types 1/0/0/0/0/0/0/0/0/0 Lore% 9 Gallery% 21 Achievement% 17 Wizard Run 0 Options --------- Layout 1 ASCII 0 Keyboard 0 Movement Mouse Keybinds 1 Fullscreen 2 Font 24/Smallcaps Map View 50x40 Zoom Use 0% Tactical HUD 1 Map Filters NONE Filters NONE Steam 1 RUN: 61caf0a6-c299-420c-a113-6b808580769b